Map: Orbital Shipyard

Players

ShoWTimE - Winner!

  • Race: Protoss Protoss
  • League: Master

wallfacer (ZhuGeLiang)

  • Race: Zerg Zerg
  • League: Master

Event: DreamHack ZOWIE Open Leipzig

VOD

Have the link to the VOD?

Description

Time

  • Played on: Jan. 22, 2016, 8:42 a.m.
  • Length: 11:47

All games in this series

Show
View Real Time Build Order
Export as new Build Order

ShoWTimE Protoss - Winner!

Build Orders: Nexus First 

Get SALT Encoding   

  12  0:01  Probe (Chrono Boost)  
  13  0:12  Probe (Chrono Boost)  
  14  0:20  Pylon  
  14  0:22  Probe (Chrono Boost)  
  15  0:38  Probe (Chrono Boost)  
  16  0:49  Probe (Chrono Boost)  
  17  1:01  Nexus  
  17  1:12  Gateway  
  17  1:14  Probe (Chrono Boost)  
  18  1:19  Assimilator  
  18  1:24  Probe (Chrono Boost)  
  19  1:27  Assimilator  
  19  1:35  Probe (Chrono Boost)  
  20  1:42  Gateway  
  20  1:45  Probe (Chrono Boost)  
  21  1:56  Probe (Chrono Boost)  
  21  2:00  Cybernetics Core  
  22  2:07  Probe (Chrono Boost)  
  23  2:13  Probe (Chrono Boost)  
  24  2:17  Probe (Chrono Boost)  
  25  2:23  Probe (Chrono Boost)  
  25  2:28  Probe (Chrono Boost)  
  27  2:34  Probe (Chrono Boost)  
  27  2:36  Adept x2 (Chrono Boost)  
  32  2:38  Mothership Core (Chrono Boost)  
  34  2:45  Pylon, Warp Gate  
  34  2:52  Pylon  
  34  2:53  Probe (Chrono Boost)  
  35  2:59  Probe (Chrono Boost)  
  35  3:05  Probe (Chrono Boost)  
  39  3:06  Sentry x2  
  39  3:07  Pylon  
  39  3:10  Probe (Chrono Boost)  
  42  3:16  Probe (Chrono Boost)  
  43  3:21  Probe (Chrono Boost)  
  43  3:26  Probe (Chrono Boost)  
  45  3:31  Probe (Chrono Boost)  
  46  3:35  Nexus  
  46  3:37  Probe (Chrono Boost)  
  47  3:42  Probe (Chrono Boost)  
  47  3:45  Pylon  
  47  3:47  Probe (Chrono Boost)  
  49  3:52  Probe (Chrono Boost)  
  49  3:53  Assimilator  
  49  3:55  Assimilator  
  50  3:58  Probe (Chrono Boost), Pylon  
  51  4:03  Probe (Chrono Boost)  
  51  4:08  Probe (Chrono Boost)  
  53  4:11  Stargate  
  53  4:12  Stargate  
  53  4:13  Probe (Chrono Boost)  
  54  4:19  Probe (Chrono Boost)  
  54  4:20  Pylon  
  56  4:24  Probe (Chrono Boost)  
  56  4:27  Phoenix  
  56  4:29  Probe (Chrono Boost)  
  57  4:35  Probe (Chrono Boost)  
  57  4:37  Forge  
  57  4:38  Robotics Facility  
  58  4:40  Probe (Chrono Boost)  
  58  4:43  Gateway  
  58  4:45  Probe (Chrono Boost)  
  60  4:48  Gateway  
  60  4:50  Probe (Chrono Boost)  
  60  4:51  Probe (Chrono Boost)  
  62  4:55  Probe (Chrono Boost)  
  62  4:59  Phoenix (Chrono Boost)  
  65  5:01  Probe x2  
  65  5:02  Phoenix (Chrono Boost)  
  70  5:07  Probe, Phoenix (Chrono Boost)  
  70  5:10  Pylon  
  70  5:12  Probe  
  70  5:13  Probe  
  72  5:14  Protoss Ground Weapons Level 1 (Chrono Boost)  
  72  5:19  Probe  
  75  5:21  Phoenix (Chrono Boost)  
  75  5:22  Probe  
  75  5:24  Phoenix (Chrono Boost)  
  75  5:25  Probe  
  75  5:27  Observer  
  80  5:35  Probe  
  81  5:37  Assimilator  
  81  5:38  Probe x2  
  81  5:41  Twilight Council  
  81  5:42  Zealot x2  
  87  5:43  Assimilator  
  87  5:45  Pylon  
  87  5:46  Phoenix (Chrono Boost)  
  87  5:49  Phoenix (Chrono Boost)  
  91  5:52  Probe  
  91  5:54  Probe  
  91  5:55  Pylon  
  93  5:59  Pylon  
  93  6:00  Immortal  
  93  6:06  Phoenix (Chrono Boost)  
  93  6:07  Probe  
  100  6:12  Phoenix  
  102  6:20  Gateway x2  
  102  6:22  Photon Cannon  
  102  6:37  Gateway, Immortal  
  102  6:39  Gateway, Charge (Chrono Boost)  
  102  6:41  Templar Archives  
  102  6:42  Gateway  
  102  6:45  Gateway  
  106  6:53  Zealot x3  
  112  7:00  Pylon x2  
  112  7:13  Protoss Ground Weapons Level 2 (Chrono Boost)  
  112  7:15  Psionic Storm  
  112  7:16  Pylon  
  112  7:18  Pylon  
  112  7:23  Immortal  
  112  7:28  Nexus  
  116  7:30  Pylon  
  116  7:37  High Templar x2  
  116  7:41  High Templar  
  122  7:52  Pylon  
  122  8:01  Immortal  
  122  8:02  Pylon, Photon Cannon  
  122  8:03  High Templar x2  
  126  8:12  Assimilator  
  130  8:13  Zealot x4  
  130  8:14  Zealot x3  
  130  8:17  Assimilator  
  144  8:21  Zealot  
  144  8:24  Fleet Beacon  
  144  8:25  Pylon  
  146  8:39  Pylon  
  146  8:42  Zealot x4  
  146  8:43  Zealot x6  
  146  8:46  Warp Prism  
  166  8:49  Blink  
  168  8:57  Photon Cannon  
  168  9:09  Zealot x5  
  178  9:15  High Templar  
  178  9:16  High Templar x3  
  184  9:21  Observer  
  184  9:24  Tempest (Chrono Boost)  
  189  9:28  Tempest (Chrono Boost)  
  193  9:34  Archon x2  
  191  9:50  Zealot x3  
  191  9:51  Zealot  
  199  9:56  Photon Cannon  
  199  9:58  Gateway  
  199  10:00  Gateway  
  197  10:16  Zealot  
  197  10:27  Tempest (Chrono Boost)  
  189  10:29  Tempest (Chrono Boost)  
  189  10:30  Zealot x4  
  189  10:31  Zealot  
  191  11:04  Stalker  
  191  11:05  Stalker x3  
  184  11:28  Stalker x5  
  184  11:29  Stalker  
  180  11:36  Stalker x4  
Show
View Real Time Build Order
Export as new Build Order

wallfacer Zerg 

Build Orders: Hatch First 

Get SALT Encoding   

  12  0:01  Drone  
  13  0:13  Overlord  
  13  0:17  Drone  
  14  0:31  Drone x2  
  14  0:35  Drone  
  17  0:52  Hatchery  
  17  0:55  Drone  
  17  1:08  Spawning Pool  
  17  1:11  Drone  
  17  1:14  Drone  
  18  1:35  Hatchery  
  18  1:38  Drone  
  18  1:40  Drone  
  19  1:55  Queen  
  19  1:56  Zergling x2  
  22  2:04  Queen  
  22  2:05  Drone  
  25  2:08  Drone  
  25  2:14  Overlord  
  26  2:18  Drone  
  26  2:20  Drone  
  28  2:32  Drone  
  28  2:33  Drone  
  28  2:34  Drone  
  32  2:37  Drone  
  32  2:39  Queen  
  34  2:46  Queen  
  36  2:54  Drone, Queen  
  36  2:58  Zergling x4  
  41  3:00  Drone  
  41  3:03  Overlord  
  42  3:12  Overlord  
  41  3:14  Zergling x2  
  42  3:22  Zergling x4  
  42  3:23  Zergling x2  
  42  3:24  Drone x5  
  50  3:32  Drone x2  
  52  3:35  Drone, Extractor x2  
  52  3:40  Drone  
  52  3:46  Drone x2  
  52  3:47  Drone  
  55  3:51  Roach Warren, Overlord  
  55  3:52  Drone x3  
  57  4:05  Overlord  
  57  4:07  Drone  
  57  4:08  Overlord  
  58  4:11  Drone x6  
  58  4:14  Drone  
  65  4:17  Overlord  
  65  4:23  Lair  
  65  4:24  Drone  
  65  4:25  Drone x2  
  65  4:27  Drone  
  65  4:28  Drone  
  70  4:31  Overlord  
  70  4:33  Drone x2  
  70  4:34  Drone  
  73  4:39  Extractor  
  73  4:40  Drone x2, Extractor  
  73  4:43  Metabolic Boost  
  73  4:44  Extractor  
  73  4:45  Evolution Chamber, Extractor  
  71  4:51  Drone x5  
  71  4:52  Drone  
  76  4:55  Overlord  
  76  4:57  Drone x2  
  76  4:58  Drone  
  79  5:02  Spore Crawler  
  79  5:03  Spore Crawler  
  79  5:04  Spore Crawler  
  79  5:06  Spore Crawler  
  75  5:11  Spore Crawler, Drone  
  75  5:12  Spore Crawler, Drone x2  
  76  5:19  Zerg Missile Weapons Level 1  
  76  5:23  Drone x4  
  76  5:24  Hydralisk Den  
  79  5:35  Drone x2  
  81  5:36  Overlord  
  81  5:38  Drone x3  
  81  5:39  Overlord  
  81  5:40  Hatchery  
  81  5:42  Glial Reconstitution  
  83  5:53  Muscular Augments  
  83  5:57  Hydralisk x5  
  83  6:00  Hydralisk  
  95  6:14  Hydralisk x2, Infestation Pit  
  95  6:17  Overlord x3  
  98  6:25  Drone  
  98  6:26  Drone  
  98  6:27  Drone  
  98  6:31  Overlord  
  98  6:38  Overlord  
  98  6:40  Hydralisk x8  
  98  6:45  Overlord  
  114  6:49  Overlord  
  114  6:55  Drone x8  
  114  6:58  Hive  
  122  7:03  Drone, Spire  
  122  7:09  Drone x4  
  126  7:17  Overlord  
  126  7:21  Overlord x3  
  125  7:27  Overlord  
  125  7:28  Overlord  
  122  7:34  Drone  
  122  7:35  Drone x7  
  122  7:36  Spore Crawler  
  129  7:43  Extractor  
  128  7:44  Zerg Missile Weapons Level 2, Extractor  
  128  7:49  Evolution Chamber  
  125  7:51  Spore Crawler  
  125  7:52  Drone  
  125  7:53  Drone  
  125  7:55  Spore Crawler  
  125  7:57  Overlord  
  123  8:04  Spore Crawler  
  122  8:08  Overlord x2  
  122  8:12  Overlord  
  122  8:13  Roach x8  
  138  8:23  Zerg Ground Armor Level 1  
  138  8:24  Greater Spire  
  138  8:33  Corruptor x6  
  148  8:35  Corruptor x2  
  154  8:43  Roach x5  
  164  8:58  Zergling x12  
  164  8:59  Zergling x2  
  171  9:16  Roach x10  
  185  9:37  Brood Lord x6  
  185  9:38  Brood Lord  
  199  9:49  Spore Crawler  
  199  9:51  Spine Crawler  
  199  9:52  Brood Lord  
  199  9:53  Zerg Flyer Weapons Level 1  
  199  10:12  Hatchery  
  193  10:24  Roach x4  
  191  10:37  Corruptor x4  
  199  10:48  Overseer x2  
  187  10:51  Zergling x26  
  187  10:57  Spine Crawler  
  197  10:58  Spine Crawler  
  197  10:59  Roach x3  
  196  11:12  Roach x2  
  182  11:28  Roach  

Tags
 
Add a new tag
Caveats
  • Supply blocks, unpowered buildings, or Contaminate may cause inaccurate times.
  • Supply counts are checked every 10 seconds.